 Dungeon Crawl Stone Soup version 0.24-a0-493-g7e4ddcd485 (webtiles) character file.

Game seed: 10257147727265116135

699 Mithandil the Magician (level 7, 0/36 HPs)
             Began as a Deep Elf Conjurer on July 11, 2019.
             Was an Initiate of Vehumet.
             Succumbed to an orc wizard's poison
             ... on level 5 of the Dungeon on July 12, 2019.
             The game lasted 00:40:24 (5703 turns).

Mithandil the Magician (Deep Elf Conjurer)          Turns: 5703, Time: 00:40:25

Health: 0/36       AC:  5    Str:  7    XL:     7   Next: 38%
Magic:  8/19       EV: 12    Int: 20    God:    Vehumet [......]
Gold:   203        SH:  0    Dex: 15    Spells: 5/19 levels left

rFire    . . .     SeeInvis .   a - +0 short sword (venom)
rCold    . . .     Gourm    .   (no shield)
rNeg     . . .     Faith    .   j - +0 leather armour
rPois    .         Spirit   .   u - +0 helmet
rElec    .         Reflect  .   (no cloak)
rCorr    .         Harm     .   (no gloves)
MR       .....                  n - +0 pair of boots
Stlth    +++.......             (no amulet)
HPRegen  0.12/turn              (no ring)
MPRegen  0.16/turn              (no ring)

@: lethally poisoned (0 -> -4)
A: no striking features
a: Renounce Religion


You were on level 5 of the Dungeon.
You worshipped Vehumet.
Vehumet was noncommittal.
You were not hungry.

You visited 2 branches of the dungeon, and saw 7 of its levels.
You also visited: Sewer.

You collected 203 gold pieces.

Inventory:

Hand Weapons
 a - a +0 short sword of venom (weapon)
 b - a +0 quarterstaff
 e - a +3 mace
Missiles
 d - 218 stones (quivered)
 l - 39 arrows
Armour
 g - a +0 ring mail
 j - a +0 leather armour (worn)
 n - a +0 pair of boots (worn)
 u - a +0 helmet (worn)
 x - a +1 robe of cold resistance
Scrolls
 f - a scroll of amnesia {unknown}
 h - a scroll of fog
 i - a scroll of remove curse {unknown}
 o - a scroll of blinking {unknown}
 q - a scroll of immolation {unknown}
 t - a scroll of magic mapping
 w - a scroll of enchant armour {unknown}
Potions
 k - a potion of curing
 m - 4 potions of haste {unknown}
 p - 3 potions of flight {unknown}
 r - a potion of berserk rage
 v - a potion of lignification {unknown}
 z - 2 potions of heal wounds {unknown}
Comestibles
 c - 3 rations
 s - 6 chunks of flesh


   Skills:
 + Level 2.8 Dodging
 + Level 5.1 Stealth
 * Level 6.9 Spellcasting
 * Level 6.9 Conjurations
 + Level 2.0 Hexes
 + Level 1.6 Translocations


You had 5 spell levels left.
You knew the following spells:

 Your Spells              Type           Power        Failure   Level  Hunger
a - Magic Dart            Conj           ####         1%          1    None
b - Searing Ray           Conj           ####..       1%          2    None
c - Force Lance           Conj/Tloc      ###.....     26%         4    ###....
d - Iskenderun's Mystic   Conj           ####....     9%          4    ###....
s - Dazzling Spray        Conj/Hex       ###...       7%          3    #......

Your spell library contained the following spells:

 Spells                   Type           Power        Failure   Level  Hunger
 Fulminant Prism          Conj/Hex       ###.......   22%         4    ###....


Dungeon Overview and Level Annotations

Branches:
Dungeon (6/15)             Temple (1/1) D:4

Altars:
Ashenzari
Elyvilon
Gozag
Hepliaklqana
Kikubaaqudgha
Makhleb
Nemelex Xobeh
Qazlal
Ru
Trog
Uskayaw
Vehumet
Wu Jian
Xom
Yredelemnul
Zin
The Shining One

Shops:
D:6 ?

Annotations:
D:3 exclusion: downstairs
D:4 exclusion: ice beast
D:5 3 runed translucent doors


Message History

Press: ? - help, Shift-Dir - straight line, f/p - orc priest
Aim: an orc priest, wielding a +0 hand axe and wearing a +0 ring mail (almost dead, poisoned)
The magic dart hits the orc priest.
You kill the orc priest!
Vehumet accepts your kill.
Your Hexes skill increases to level 2!
You feel sick.
Casting: Magic Dart (safe; 1% risk of failure)
Confirm with . or Enter, or press ? or * to list all spells.
Aiming: Magic Dart (safe; 1% risk of failure)
Press: ? - help, Shift-Dir - straight line, f - ogre
Aim: an ogre, wielding a +0 giant club The magic dart hits the ogre.
The ogre is moderately wounded.
The ogre hits you with a +0 giant club.
You hit the ogre but do no damage.
The ogre is poisoned.
The ogre is moderately wounded.
You feel sick. The ogre hits you with a +0 giant club!
* * * LOW HITPOINT WARNING * * *
You die...

##############
#............#
#............#
#......###...#####
#........#.####.>##
#....###.#..#..@.O###.
##......#..........)).....
###)###.#...##.#####......
......#.......... ......
..###.#.[....#.### ##...
....#..รท###..#.# ..
....#..)# #..... .
........# ## ..# ........#
...


You could see an ogre.

Vanquished Creatures
  A big kobold (Sewer)
  A crimson imp (D:5)
  A jelly (D:5)
  A hound (D:5)
  3 orc priests
  A centaur skeleton (D:4)
  Jessica (D:3)
  Terence (D:3)
  An iguana (D:5)
  An orc wizard (D:5)
  A hound skeleton (D:4)
  Robin (D:3)
  6 adders
  3 gnolls (D:4)
  2 river rats (Sewer)
  4 oozes
  2 adder skeletons (D:4)
  4 worms
  5 dart slugs
  4 leopard geckos
  14 orcs
  3 bats (D:1)
  6 giant cockroaches
  16 goblins
  17 hobgoblins
  10 jackals
  12 kobolds
  4 quokkas
  A ball python skeleton (D:4)
  5 frilled lizards
  5 rats
137 creatures vanquished.

Vanquished Creatures (others)
  2 fungi (D:5)
  2 plants (D:5)
4 creatures vanquished.

Grand Total: 141 creatures vanquished

Notes
Turn   | Place    | Note
-------+----------+-------------------------------------------
     0 | D:1      | Mithandil the Deep Elf Conjurer began the quest for the
                  | Orb.
     0 | D:1      | Reached XP level 1. HP: 10/10 MP: 6/6
   123 | D:1      | Reached XP level 2. HP: 7/15 MP: 4/8
   127 | D:1      | Learned a level 2 spell: Searing Ray
   857 | D:1      | Reached XP level 3. HP: 19/19 MP: 7/10
  1189 | D:1      | Reached skill level 5 in Conjurations
  1397 | D:2      | Reached XP level 4. HP: 6/24 MP: 0/12
  1702 | D:3      | Found a glowing drain.
  1744 | Sewer    | Entered a sewer
  2052 | Sewer    | Noticed a big kobold
  2061 | Sewer    | Killed a big kobold
  2061 | Sewer    | Reached skill level 5 in Spellcasting
  2061 | Sewer    | Reached XP level 5. HP: 28/28 MP: 0/14
  2091 | Sewer    | Found a glowing silver altar of Zin.
  3127 | D:3      | Noticed Terence
  3155 | D:3      | Noticed Robin
  3174 | D:3      | Killed Robin
  3174 | D:3      | Reached XP level 6. HP: 20/32 MP: 2/16
  3234 | D:3      | Killed Terence
  3553 | D:3      | Noticed Jessica
  3561 | D:3      | Killed Jessica
  3639 | D:3      | Learned a level 4 spell: Force Lance
  3644 | D:3      | Learned a level 4 spell: Iskenderun's Mystic Blast
  3648 | D:3      | Learned a level 3 spell: Dazzling Spray
  3757 | D:3      | Found a bloodstained altar of Trog.
  3953 | D:4      | Noticed an ice beast
  3988 | D:5      | Entered Level 5 of the Dungeon
  4441 | D:4      | Reached skill level 1 in Hexes
  4520 | D:4      | Upgraded the game from 0.24-a0-487-g57318f2ed0 to
                  | 0.24-a0-493-g7e4ddcd485
  4648 | D:4      | Found a staircase to the Ecumenical Temple.
  4658 | Temple   | Entered the Ecumenical Temple
  4771 | Temple   | Became a worshipper of Vehumet
  4860 | D:4      | Reached skill level 1 in Translocations
  5335 | D:5      | Reached XP level 7. HP: 36/36 MP: 13/18
  5437 | D:5      | Found a runed translucent gate.
  5437 | D:5      | Found a runed translucent gate.
  5437 | D:5      | Found a runed translucent gate.
  5481 | D:5      | Reached skill level 5 in Stealth
  5671 | D:6      | Found Xapagger's Magic Scroll Emporium.
  5701 | D:5      | HP: 1/36 [ogre/+0 giant club (16)]
  5703 | D:5      | Succumbed to an orc wizard's poison

Levels and vault maps discovered:
D:1:      minmay_arrival_semitransparent, layout_loops_ring
D:2:      layout_basic, first_ration, lemuel_flame_loot_1
D:3:      layout_rooms, old_standard_altar, gup_sewer_entry_glass,
          serial_bayou_pond_b, uniq_robin, uniq_jessica, uniq_terence
D:4:      layout_cave_pods, minmay_temple_entry_arrows
D:5:      layout_rooms, gammafunk_ghost_nasty_kobolds,
          hangedman_abyss_or_decor_stabs, uniq_crazy_yiuf_cottage
D:6:      layout_cave_pools, grunt_dithmenos_smoke_and_mirrors,
          overflow_temple_1_default, serial_shops, shop, uniq_edmund
Temple:   nicolae_temple_elliptical

Skill      XL: |  1  2  3  4  5  6  7 |
---------------+----------------------+-----
Stealth        | 3 4 5 |  5.1
Spellcasting   | 4 5 6 |  6.9
Conjurations   | 5 6 |  6.9
Hexes          | 1 2 |  2.0
Translocations | 1 |  1.6
Dodging        | |  2.8

Action                   |  1- 3 |  4- 6 |  7- 9 || total
-------------------------+-------+-------+-------++-------
Melee: Short sword       |     4 |    42 |     7 ||    53
 Cast: Magic Dart        |    70 |   205 |    50 ||   325
       Iskenderun's Myst |       |     2 |       ||     2
  Use: Scroll            |     1 |       |     2 ||     3
       Potion            |       |     4 |       ||     4
  Eat: Chunk             |     1 |     9 |     1 ||    11
       Ration            |       |     1 |       ||     1
Armor: Robe              |     2 |       |       ||     2
       Leather armour    |       |    16 |     4 ||    20
Dodge: Dodged            |    16 |    60 |     6 ||    82

Table legend:
 A = Non-vault XP
 B = Vault XP
 C = Vault XP percentage of total XP
 D = Non-vault monster count
 E = Vault monster count
 F = Vault count percentage of total count
                 A         B        C        D         E       F
            +---------+---------+-------+---------+---------+-------
      Total |     701 |     298 |  29.8 |     104 |      33 |  24.1
            +---------+---------+-------+---------+---------+-------
        D:1 |      77 |       0 |   0.0 |      32 |       0 |   0.0
        D:2 |      64 |       0 |   0.0 |      24 |       0 |   0.0
        D:3 |      31 |     158 |  83.6 |      11 |      23 |  67.6
        D:4 |     248 |       0 |   0.0 |      23 |       0 |   0.0
        D:5 |     281 |       0 |   0.0 |      14 |       0 |   0.0
      Sewer |       0 |     140 | 100.0 |       0 |      10 | 100.0
            +---------+---------+-------+---------+---------+-------
